 Dungeon Crawl Stone Soup version 0.27.1-3-gb3d3a73c9e (webtiles) character file.

Game seed: 18034717065271485260

238 belegose the Skirmisher (level 6, -3/55 HPs)
             Began as a Hill Orc Monk on Oct 9, 2021.
             Killed by divine providence
             ... invoked by an orc priest
              (12 damage)
             ... on level 5 of the Dungeon.
             The game lasted 00:09:14 (4587 turns).

belegose the Skirmisher (Hill Orc Monk)             Turns: 4587, Time: 00:09:15

Health: -3/55      AC:  3    Str: 14 (16) XL:     6   Next: 7%
Magic:  6/6        EV: 12    Int:  7 (10) God:
Gold:   165        SH:  0    Dex: 11 (13) Spells: 5/5 levels left

rFire    . . .     SeeInvis .   t - +0 quarterstaff
rCold    . . .     Faith    .   (shield currently unavailable)
rNeg     . . .     Spirit   .   m - +0 leather armour
rPois    .         Reflect  .   (no helmet)
rElec    .         Harm     .   (no cloak)
rCorr    .         Rampage  .   (no gloves)
Will     .....                  (no boots)
Stlth    +.........             p - amulet of regeneration
HPRegen  1.18/turn              (no ring)
MPRegen  0.10/turn              (no ring)

@: confused, ambrosia-drunk
A: no striking features
a: Convert to Beogh


You were on level 5 of the Dungeon.
You visited 1 branch of the dungeon, and saw 5 of its levels.

You collected 165 gold pieces.

Inventory:

Hand Weapons
 a - a +0 mace
 b - a +0 hunting sling
 t - a +0 quarterstaff (weapon)
Missiles
 c - 25 sling bullets
 e - 167 stones (quivered)
Armour
 m - a +0 leather armour (worn)
Jewellery
 p - an amulet of regeneration (around neck)
Scrolls
 d - a scroll of identify {unknown}
 h - 2 scrolls of enchant weapon {unknown}
 k - a scroll of teleportation {unknown}
 r - a scroll of amnesia {unknown}
 s - a scroll of blinking {unknown}
Potions
 i - a potion of cancellation {unknown}
 j - a potion of flight {unknown}
 l - a potion of magic {unknown}
 n - a potion of might {unknown}
 o - a potion of brilliance {unknown}
 q - a potion of mutation {unknown}


   Skills:
 + Level 4.9 Fighting
 + Level 4.4 Maces & Flails
 + Level 2.3 Throwing
 + Level 2.7 Armour
 - Level 2.4 Dodging
 - Level 1.5 Stealth
 + Level 1.1 Evocations


You had 5 spell levels left.
You didn't know any spells.
Your spell library contained the following spells:

 Spells                   Type           Power      Damage    Failure   Level
 Magic Dart               Conj           0%         1d3       50%         1
 Call Imp                 Summ           0%         N/A       65%         2
 Mephitic Cloud           Conj/Pois/Air  0%         N/A       86%         3


Dungeon Overview and Level Annotations

Branches:
Dungeon (5/15)
 Temple: D:4-7

Altars:
Ashenzari
Cheibriados
Dithmenos
The Shining One

Shops:
D:2 [

Annotations:
D:2 Terence


Message History

The orc wizard points at you and mumbles some strange words.
The puff of flame hits you.
The orc priest begins to cast a cantrip, but forgets the words!
Unknown command.
You closely miss the orc priest.
The orc priest shouts, "Beogh is our master!
Accept the truth or die!"
The orc priest is severely wounded.
You feel less confused.
The orc wizard mumbles some strange words.
The orc wizard flickers and vanishes!
Deactivating autopickup; reactivate with Ctrl-A.
The orc priest closely misses you.
You hit the orc priest.
The orc priest is severely wounded.
Something hits you.
The orc priest shouts, "Join the one true god or die!"
The orc priest hits you with a +0 short sword.
Something hits you.
Unknown command.
You hit the orc priest.
The orc priest is almost dead.
The orc priest hits you with a +0 short sword.
* * * LOW HITPOINT WARNING * * *
Something hits you.
* * * LOW HITPOINT WARNING * * *
The orc priest closely misses you.
It was a potion of degeneration.
There was something very wrong with that liquid.
You feel weakened.
You feel dopey.
You feel clumsy. Something hits you.
* * * LOW HITPOINT WARNING * * *
The orc priest calls down the wrath of Beogh upon you.
Beogh smites you!
* * * LOW HITPOINT WARNING * * *
It was a potion of ambrosia.
You are confused.
You feel invigorated. Something hits you but does no damage.
The orc priest mumbles some strange prayers to Beogh against you.
Beogh smites you!
You die...

..###########
#...Zoo@{o†.#
...########.#
#.# #.#
...o...........
##...#........#
#..# .....?....
#) .#........#
#....#.....#


You could see an orc priest, 2 orcs and a bullfrog skeleton.

Vanquished Creatures
  2 hounds
  Natasha (D:4)
  A hound skeleton (D:4)
  4 gnolls (D:3)
  3 adders
  2 worms
  3 dart slugs
  An orc (D:3)
  5 ball pythons
  4 endoplasms
  3 giant cockroaches
  7 goblins
  5 hobgoblins
  6 jackals
  8 kobolds
  3 quokkas
  3 bats
  A frilled lizard (D:1)
  3 rats
65 creatures vanquished.

Vanquished Creatures (others)
  2 gargoyles (D:1)
  A vine stalker (D:1)
  A merfolk (D:1)
  A formicid (D:1)
  A spriggan (D:1)
  A demonspawn (D:1)
  2 nagas (D:1)
  2 demigods (D:1)
  An ogre (D:1)
  A kobold (D:2)
  5 tentacles (D:1)
18 creatures vanquished.

Grand Total: 83 creatures vanquished

Notes
Turn   | Place    | Note
-------+----------+-------------------------------------------
     0 | D:1      | belegose the Hill Orc Monk began the quest for the Orb.
     0 | D:1      | Reached XP level 1. HP: 19/19 MP: 1/1
     0 | D:1      | Noticed a merfolk
     0 | D:1      | Noticed a naga
     0 | D:1      | Noticed a gargoyle
     0 | D:1      | Noticed an ogre
     0 | D:1      | Noticed a demonspawn
     0 | D:1      | Noticed a gargoyle
     0 | D:1      | Noticed a kraken
     0 | D:1      | Noticed a formicid
     0 | D:1      | Noticed a demigod
     0 | D:1      | Noticed a vine stalker
     0 | D:1      | Noticed a demigod
     0 | D:1      | Noticed a naga
     0 | D:1      | Noticed a spriggan
     5 | D:1      | Killed a demigod
     5 | D:1      | Killed a formicid
     6 | D:1      | Killed a vine stalker
     7 | D:1      | Killed a naga
     7 | D:1      | Killed a gargoyle
     9 | D:1      | Killed a merfolk
    11 | D:1      | Killed a spriggan
    12 | D:1      | Killed an ogre
    12 | D:1      | Killed a demigod
    13 | D:1      | Killed a naga
    14 | D:1      | Killed a gargoyle
    14 | D:1      | Killed a demonspawn
   407 | D:1      | Found a faded altar of an unknown god.
   555 | D:1      | Reached XP level 2. HP: 22/27 MP: 2/2
   876 | D:1      | Reached skill level 1 in Armour
  1486 | D:2      | Reached skill level 1 in Throwing
  1522 | D:2      | Reached XP level 3. HP: 26/33 MP: 3/3
  2051 | D:2      | Noticed Terence
  2238 | D:2      | Found a glowing golden altar of the Shining One.
  2267 | D:2      | Found Nioraic's Antique Armour Boutique.
  2359 | D:2      | Reached XP level 4. HP: 20/40 MP: 4/4
  2676 | D:3      | Found a snail-covered altar of Cheibriados.
  3224 | D:3      | Found a broken altar of Ashenzari.
  3427 | D:3      | Reached XP level 5. HP: 19/47 MP: 5/5
  4404 | D:4      | Noticed Natasha
  4430 | D:4      | Killed Natasha
  4444 | D:4      | Found a shadowy altar of Dithmenos.
  4560 | D:5      | Entered Level 5 of the Dungeon
  4563 | D:5      | Reached skill level 1 in Evocations
  4563 | D:5      | Reached XP level 6. HP: 53/55 MP: 6/6
  4587 | D:5      | Killed from afar by an orc priest

Illustrated notes

Levels and vault maps discovered:
D:1:      nicolae_arrival_kraken_aquarium_a, layout_basic,
          hellmonk_ecumenical_altar_blasted, serial_bayou_pond_d,
          serial_bayou_ford_a
D:2:      layout_basic, serial_shops, shop, basic_altar,
          chequers_serial_rivers_room_a, lemuel_old_faithful, uniq_terence
D:3:      layout_basic, cheibrodos_ashenzari_chains, lemuel_doored_altar
D:4:      minmay_diamond_boxcup, layout_basic, mainiacjoe_overflow_tiny_flanked,
          gammafunk_temple_overflow_wave, lemuel_crystal_altar,
          chequers_serial_rivers_micro_c, uniq_natasha
D:5:      layout_loops_ring, mainiacjoe_overflow_chevrons, fedhas_altar_4,
          grunt_ministairs_7, solitary_fountain, uniq_eustachio

Skill      XL: |  1  2  3  4  5 |
---------------+----------------+-----
Armour         | 1 2 |  2.7
Fighting       | 4 |  4.9
Throwing       | 1 2 |  2.3
Maces & Flails | 4 |  4.4
Evocations     | 1 |  1.1
Dodging        | |  2.4
Stealth        | |  1.5

Action                   |  1- 3 |  4- 6 || total
-------------------------+-------+-------++-------
Melee: Mace              |   142 |   120 ||   262
       Quarterstaff      |       |    16 ||    16
 Fire: Hunting sling     |     2 |    16 ||    18
  Use: Potion            |       |     2 ||     2
 Stab: Sleeping          |     6 |     3 ||     9
Armor: Robe              |    15 |       ||    15
       Leather armour    |     2 |    28 ||    30
Dodge: Dodged            |   105 |    91 ||   196
